 Dungeon Crawl Stone Soup version 0.29-a0-923-g6e406bff71 (webtiles) character file.

Game seed: 7194179217177472321

238 Plasmagod the Covered (level 5, -5/47 HPs)
             Began as a Minotaur Fighter on July 28, 2022.
             Was a Believer of Elyvilon.
             Slain by an ogre
             ... wielding a +0 giant spiked club
              (24 damage)
             ... on level 4 of the Dungeon.
             The game lasted 00:05:47 (3136 turns).

Plasmagod the Covered (Minotaur Fighter)            Turns: 3136, Time: 00:05:48

Health: -5/47      AC: 15    Str: 23    XL:     5   Next: 78%
Magic:  4/4        EV:  7    Int:  5    God:    Elyvilon [**....]
Gold:   114        SH:  4    Dex:  9    Spells: 4/4 levels left

rFire   . . .      SeeInvis .   x - +3 short sword
rCold   . . .      Faith    .   c - +0 buckler
rNeg    . . .      Spirit   .   h - +0 chain mail
rPois   .          Reflect  .   (helmet restricted)
rElec   .          Harm     .   s - +2 cloak {rCorr}
rCorr   +          Rampage  .   v - +0 pair of gloves
Will    .....                   n - +0 pair of boots
Stlth   ..........              (no amulet)
HPRegen 0.15/turn               (no ring)
MPRegen 0.09/turn               (no ring)

@: no status effects
A: horns 2, retaliatory headbutt
a: Renounce Religion, Purification, Heal Other


You were on level 4 of the Dungeon.
You worshipped Elyvilon.
Elyvilon was pleased with you.
You visited 1 branch of the dungeon, and saw 4 of its levels.

You collected 213 gold pieces.
You spent 99 gold pieces at shops.

Inventory:

Hand Weapons
 a - a +0 long sword
 x - a +3 short sword (weapon)
Armour
 c - a +0 buckler (worn)
 h - a +0 chain mail (worn)
 n - a +0 pair of boots (worn)
 s - a +2 cloak of preservation (worn)
 v - a +0 pair of gloves (worn)
Jewellery
 o - a ring of protection from fire
 p - a ring of ice
 t - a ring of protection from cold
Scrolls
 k - a scroll of fog {unknown}
 l - a scroll of fear {unknown}
 q - 3 scrolls of identify {unknown}
 u - a scroll of teleportation {unknown}
 w - a scroll of noise {unknown}
Potions
 b - a potion of lignification {unknown}
 d - 3 potions of might
 e - a potion of haste {unknown}
 f - 2 potions of brilliance {unknown}
 g - 2 potions of heal wounds
 i - a potion of curing {unknown}
 j - a potion of invisibility {unknown}
 m - 2 potions of resistance {unknown}
 r - a potion of mutation {unknown}


   Skills:
 + Level 4.5 Fighting
 + Level 4.7 Long Blades
 + Level 5.3 Armour
 + Level 0.5 Dodging
 + Level 0.1 Stealth
 + Level 4.4 Shields


You had 4 spell levels left.
You didn't know any spells.
Your spell library contained the following spells:

 Spells                   Type           Power      Damage    Failure   Level
 Beastly Appendage        Tmut           0%         N/A       99%         1
 Scorch                   Fire           0%         2d5       100%        2
 Wereblood                Tmut           0%         N/A       100%        2
 Spider Form              Tmut/Pois      0%         N/A       100%        3
 Flame Wave               Conj/Fire      0%         2d4       100%        4
 Summon Cactus Giant      Summ           0%         N/A       100%        6


Dungeon Overview and Level Annotations

Branches:
Dungeon (4/15)
 Temple: D:4-7

Altars:
Cheibriados
Dithmenos
Elyvilon

Shops:
D:4 [


Innate Abilities, Weirdness & Mutations

You have a pair of horns on your head.
You reflexively headbutt those who attack you in melee.


Message History

You kill the orc!
No target in view!
Items here: ))))) [ ††††.
Press: ? - help, v - describe, . - travel, g - get item
Items here: ))))) [ ††††.
The floor, spattered with blood.
x - a +3 short sword
x - a +3 short sword (weapon)
An ogre comes into view. It is wielding a +0 giant spiked club.
The ogre shouts!
You hear a shout! x2
A hobgoblin comes into view. It is wielding a +0 club.
The hobgoblin shouts!
You hit the ogre.
The ogre is lightly wounded.
The ogre hits you with a +0 giant spiked club!
An orc comes into view. It is wielding a +0 mace.
The orc shouts!
You hit the ogre.
The ogre is lightly wounded.
You hit the ogre.
The ogre is moderately wounded.
The ogre barely misses you.
An orc comes into view. It is wielding a +0 short sword.
You hit the ogre.
The ogre is moderately wounded.
The ogre closely misses you.
You hit the ogre but do no damage.
The ogre is moderately wounded.
A scorpion comes into view.
You hit the ogre.
The ogre is heavily wounded.
The ogre hits you with a +0 giant spiked club!
A hobgoblin comes into view.
You barely miss the ogre.
The hobgoblin shouts!
You headbutt the ogre!
The ogre is almost dead.
The ogre hits you with a +0 giant spiked club!!
Ouch! That really hurt!
You die...

###....#.... #....+....
#....##... # #....##...
..#.#######.##...
.......†.....#...
...##...##......
..###########...##.#.###
g.soogO@..).'...+.......
..###########..(##.#..##
#...##.##.##
#.#.#.......
#..###..#.## #
.#..#..#....
..###...###...
#..#..#..#..#.
#...###...##


You could see an ogre, a scorpion, 2 orcs and 2 hobgoblins.

Vanquished Creatures
  A scorpion (D:4)
  Crazy Yiuf (D:3)
  3 gnolls (D:2)
  5 adders
  A worm (D:3)
  A dart slug (D:3)
  5 orcs (D:4)
  6 endoplasms
  4 giant cockroaches
  3 goblins
  10 hobgoblins
  4 quokkas
  8 ball pythons
  3 bats (D:3)
  5 frilled lizards
  6 kobolds
  6 rats
72 creatures vanquished.

Notes
Turn   | Place    | Note
-------+----------+-------------------------------------------
     0 | D:1      | Plasmagod the Minotaur Fighter began the quest for the Orb.
     0 | D:1      | Reached XP level 1. HP: 19/19 MP: 0/0
   647 | D:1      | Reached XP level 2. HP: 26/27 MP: 1/1
   692 | D:1      | Reached skill level 4 in Armour
   958 | D:2      | Reached XP level 3. HP: 22/33 MP: 2/2
  1242 | D:2      | Reached XP level 4. HP: 40/40 MP: 3/3
  1761 | D:2      | Found a faded altar of an unknown god.
  1818 | D:2      | Prayed at the altar of an unknown god.
  1818 | D:2      | Became a worshipper of Elyvilon the Healer
  1818 | D:2      | Reached * piety under Elyvilon
  1863 | D:2      | Identified the +9 whip "Fubriunta" {vorpal, rC+ Str+3}
  2314 | D:3      | Found a runed translucent door.
  2315 | D:3      | Noticed Crazy Yiuf
  2323 | D:3      | Killed Crazy Yiuf
  2324 | D:3      | Reached XP level 5. HP: 26/47 MP: 4/4
  2688 | D:3      | Found a shadowy altar of Dithmenos.
  2696 | D:3      | Found a snail-covered altar of Cheibriados.
  2704 | D:3      | Reached ** piety under Elyvilon
  2817 | D:4      | Found Asog's Antique Armour Emporium.
  2821 | D:4      | Bought a pair of gloves for 99 gold pieces
  2856 | D:4      | Reached skill level 5 in Armour
  3126 | D:4      | Noticed an ogre
  3136 | D:4      | Slain by an ogre

Illustrated notes

Levels and vault maps discovered:
D:1:      erik_arrival_blinker_ship, layout_loops_ring
D:2:      layout_loops_corners, serial_rivers, chequers_serial_rivers_small_b,
          chequers_serial_rivers_micro_c, chequers_serial_rivers_micro_c,
          chequers_serial_rivers_small_a, shapermc_ecumenical_altar_mp_highgroup
D:3:      layout_basic, mainiacjoe_overflow_big_doors, uniq_crazy_yiuf_cottage
D:4:      layout_basic, serial_shops, nicolae_shop_hallway_stairs,
          kennysheep_doodads, minmay_vboxes

Skill      XL: |  1  2  3  4  5 |
---------------+----------------+-----
Armour         | 4 5 |  5.3
Fighting       | 4 |  4.5
Shields        | 4 |  4.4
Long Blades    | 3 4 |  4.7
Dodging        | |  0.5
Stealth        | |  0.1

Action                   |  1- 3 |  4- 6 || total
-------------------------+-------+-------++-------
Melee: Long sword        |    60 |   147 ||   207
       Headbutt          |     8 |    21 ||    29
       Short sword       |       |     7 ||     7
  Use: Potion            |     1 |       ||     1
Armor: Chain mail        |    27 |   108 ||   135
Dodge: Dodged            |    16 |    60 ||    76
Block: Buckler           |    16 |    43 ||    59

Table legend: (Time is in decaauts)
 A = Elapsed time spent in this place.
 B = Non-inter-level travel time spent in this place.
 C = Inter-level travel time spent in this place.
 D = Time resting spent in this place.
 E = Time spent auto-exploring this place.
 F = Levels seen in this place.
 G = Mean time per level.
                   A        B        C        D        E       F      G
               +--------+--------+--------+--------+--------+-----+--------+
         Total |   3190 |   3141 |     49 |      0 |   2606 |   4 |  797.5 |
       Dungeon |   3190 |   3141 |     49 |      0 |   2606 |   4 |  797.5 |
               +--------+--------+--------+--------+--------+-----+--------+

Top non-repeatable levels by time:
     D:2: 1267 daAuts
     D:1: 900 daAuts
     D:3: 693 daAuts
     D:4: 329 daAuts
